 Dungeon Crawl Stone Soup version 0.18.1-50-g88ac8fd (console) character file.

365 CALLOUS the Vexing (level 6, -10/47 HPs)
             Began as a Demonspawn Arcane Marksman on Mar 5, 2019.
             Was an Initiate of Ru.
             Killed by divine providence
             ... invoked by an orc priest
              (11 damage)
             ... on level 5 of the Dungeon.
             The game lasted 01:10:34 (4979 turns).

CALLOUS the Vexing (Demonspawn Arcane Marksman)     Turns: 4979, Time: 01:10:35

Health: -10/47     AC:  1    Str: 13    XL:     6   Next: 40%
Magic:  7/7        EV: 13    Int: 15    God:    Ru [......]
Gold:   145        SH:  0    Dex: 12    Spells: 1 memorised, 6 levels left

rFire  . . .     SeeInvis .     a - +0 hand crossbow
rCold  . . .     Gourm    .     A - -2 leather armour (curse)
rNeg   . . .     Faith    .     (no shield)
rPois  .         Spirit   .     (no helmet)
rElec  .         Dismiss  .     (no cloak)
rCorr  .         Reflect  .     (no gloves)
SustAt .         Harm     .     (no boots)
MR     .....                    (no amulet)
Stlth  +.........               (no ring)
                                (no ring)

@: lethally poisoned (-10 -> -12), flying, starving, not resistant to hostile
enchantments, very unstealthy
A: hooves 2, demonic guardian 1, spiny 2
a: Renounce Religion


You were on level 5 of the Dungeon.
You worshipped Ru.
Ru was noncommittal.
You were starving.

You visited 1 branch of the dungeon, and saw 5 of its levels.

You collected 145 gold pieces.

Inventory:

Hand Weapons
 a - a +0 hand crossbow (weapon)
 k - a +0 spear
 D - a +0 blowgun
 E - a +2 short sword of holy wrath
 H - a +0 shortbow
Missiles
 d - 26 bolts (quivered)
 l - 2 poisoned needles
 o - 108 stones
 G - 14 arrows
Armour
 b - a +0 robe
 r - a +0 buckler
 A - a cursed -2 leather armour (worn)
Scrolls
 h - 5 scrolls of identify {unknown}
 s - 2 scrolls of remove curse {unknown}
 y - a scroll of teleportation {unknown}
 C - a scroll of magic mapping {unknown}
Potions
 g - a potion of cancellation
 i - a potion of experience {unknown}
 j - a potion of curing {unknown}
 n - a potion of flight
 q - a potion of heal wounds {unknown}
 x - a potion of magic {unknown}
 B - a potion of degeneration {unknown}
Books
 c - a book of Debilitation

   Spells                             Type                      Level
   a - Corona                         Hexes                        1
   b - Slow                           Hexes                        2
   c - Gell's Gravitas                Hexes/Translocation          3
   d - Inner Flame                    Hexes/Fire                   3
   e - Cause Fear                     Hexes                        4
   f - Leda's Liquefaction            Hexes/Earth                  4
Comestibles
 f - a bread ration
 u - a slice of pizza
 w - a meat ration
 F - a beef jerky


   Skills:
 * Level 3.4 Fighting
 - Level 1.7 Crossbows
 + Level 1.3 Armour
 + Level 3.9 Dodging
 + Level 0.8 Stealth
 - Level 1.0 Spellcasting
 + Level 4.4 Hexes


You had 6 spell levels left.
You knew the following spells:

 Your Spells              Type           Power        Failure   Level  Hunger
a - Corona                Hex            ##.....      6%          1    ##.....


Dungeon Overview and Level Annotations

Branches:
Dungeon (5/15)
 Temple: D:4-7

Altars:
Dithmenos
Gozag
Ru
Sif Muna
Xom

Annotations:
D:1 3aD, exclusion: adder
D:2 exclusion: adder
D:3 5gED, Grinder
D:4 sED, Sigmund


Innate Abilities, Weirdness & Mutations

You have hoof-like feet.
A weak demonic guardian rushes to your aid.
You are mostly covered in sharp spines.


Message History

You feel less confused.
* * * LOW HITPOINT WARNING * * *
You feel sick. The orc closely misses your quasit.
Your quasit closely misses something. x3
You feel a bit more experienced.
The orc priest mumbles some strange prayers to Beogh against you.
You barely resist.
Drink which item? (? for menu, Esc to quit)
Okay, then.
Press: ? - help, v - describe, . - travel, g - get item
Here: a quasit (friendly, summoned)
A whip.
There is something else lying underneath.
The floor.
Drink which item? (? for menu, Esc to quit)
It was a potion of flight.
You feel very buoyant.
You fly up into the air.
The orc priest calls down the wrath of Beogh upon you.
Beogh smites you!
You die...

######......#
...........#
o.........#
.o.......#
..(.....#
.o.....#
#####(.....#
#...#5o....#
#...@)(....#..+
#...#......#..#
+...#......#..#
#...#......#..#
##..#......#..#
##..#......#..#
#...'..>...#..#
#...#......#.<#
##..#......'..#
#..#......#..#
...#......#..#


You could see an orc priest, an orc and a friendly quasit.

Vanquished Creatures
  An ogre (D:3)
  A centaur (D:5)
  A jelly (D:3)
  An orc priest (D:5)
  An orc wizard (D:5)
  2 worker ants (D:5)
  The ghost of CALLOUS the Magician, a weakling DgWz (D:3)
  An ooze (D:2)
  3 worms (D:2)
  A dart slug (D:2)
  3 giant geckos
  3 giant cockroaches
  8 goblins
  5 hobgoblins
  4 jackals
  A quokka (D:2)
  10 bats
  5 giant newts
  5 kobolds
  7 rats
64 creatures vanquished.

Vanquished Creatures (others)
  A quokka (D:5)
1 creature vanquished.

Grand Total: 65 creatures vanquished

Notes
Turn   | Place    | Note
--------------------------------------------------------------
     0 | D:1      | CALLOUS the Demonspawn Arcane Marksman began the quest for the Orb.
     0 | D:1      | Reached XP level 1. HP: 15/15 MP: 2/2
   750 | D:1      | Gained mutation: A weak demonic guardian rushes to your aid. [demonic ancestry]
   750 | D:1      | Reached XP level 2. HP: 12/21 MP: 3/3
  1753 | D:2      | Gained mutation: You have large cloven feet. [demonic ancestry]
  1753 | D:2      | Reached XP level 3. HP: 18/26 MP: 0/4
  3110 | D:2      | Found a sacrificial altar of Ru.
  3128 | D:2      | Became a worshipper of Ru the Awakened
  3189 | D:2      | Gained mutation: You are partially covered in sharp spines. [demonic ancestry]
  3189 | D:2      | Reached XP level 4. HP: 33/33 MP: 3/5
  3448 | D:3      | Noticed CALLOUS's ghost (weakling DgWz)
  3460 | D:3      | Killed CALLOUS's ghost
  3683 | D:3      | Noticed an ogre
  3689 | D:3      | Killed an ogre
  3689 | D:3      | Reached skill level 4 in Hexes
  3689 | D:3      | Gained mutation: You are mostly covered in sharp spines. [demonic ancestry]
  3689 | D:3      | Reached XP level 5. HP: 40/40 MP: 4/6
  3748 | D:3      | Found a shadowy altar of Dithmenos.
  3750 | D:3      | Found an opulent altar of Gozag.
  3752 | D:3      | Found a deep blue altar of Sif Muna.
  3764 | D:3      | Found a shimmering altar of Xom.
  3857 | D:3      | Noticed Grinder
  4213 | D:4      | Noticed Sigmund
  4316 | D:5      | Entered Level 5 of the Dungeon
  4319 | D:5      | Noticed a centaur
  4755 | D:5      | Killed a centaur
  4755 | D:5      | Gained mutation: You have hoof-like feet. [demonic ancestry]
  4755 | D:5      | Reached XP level 6. HP: 31/47 MP: 7/7
  4973 | D:5      | Reached skill level 1 in Armour
  4977 | D:5      | HP: 2/47 [something/magic dart (6)]
  4979 | D:5      | Killed from afar by an orc priest

Skill      XL: |  1  2  3  4  5  6 |
---------------+-------------------+-----
Dodging        | 2 3 |  3.9
Fighting       | 2 3 |  3.4
Hexes          | 4 |  4.4
Armour         | 1 |  1.3
Crossbows      | |  1.7
Stealth        | |  0.8
Spellcasting   | |  1.0

Action                   |  1- 3 |  4- 6 || total
-------------------------+-------+-------++-------
Melee: Unarmed           |   214 |    16 ||   230
       Kick              |    14 |     4 ||    18
 Fire: Hand crossbow     |    56 |    13 ||    69
       Blowgun           |       |     9 ||     9
Throw: Stone             |    14 |     4 ||    18
 Cast: Corona            |    54 |    11 ||    65
  Use: Potion            |       |     2 ||     2
  Eat: Chunk             |     9 |     4 ||    13
Armor: Robe              |    58 |       ||    58
       Leather armour    |       |     1 ||     1
Dodge: Dodged            |   170 |     9 ||   179
